 Dungeon Crawl Stone Soup version 0.20.0-8-g6b59dc7 (webtiles) character file.

193 Ketharn the Reanimator (level 5, -10/28 HPs)
             Began as a Deep Elf Necromancer on June 1, 2017.
             Mangled by an ogre
             ... wielding a +0 giant club
              (24 damage)
             ... on level 4 of the Dungeon.
             The game lasted 00:17:51 (4426 turns).

Ketharn the Reanimator (Deep Elf Necromancer)       Turns: 4426, Time: 00:17:51

Health: -10/28     AC:  4    Str:  6    XL:     5   Next: 44%
Magic:  0/11       EV: 13    Int: 20    God:
Gold:   204        SH:  0    Dex: 15    Spells: 2/10 levels left

rFire    . . .     SeeInvis .   h - +2 whip (venom)
rCold    . . .     Gourm    .   (no shield)
rNeg     . . .     Faith    .   a - +1 robe
rPois    .         Spirit   .   (no helmet)
rElec    .         Reflect  .   (no cloak)
rCorr    .         Harm     .   j - +0 pair of gloves
MR       .....                  (no boots)
Stlth    ++........             (no amulet)
Regen    0.1/turn               (no ring)
MPRegen  0.2/turn               (no ring)

@: no status effects
A: no striking features
a: no special abilities


You were on level 4 of the Dungeon.
You were not hungry.

You visited 1 branch of the dungeon, and saw 4 of its levels.

You collected 204 gold pieces.

Inventory:

Hand Weapons
 h - a +2 whip of venom (weapon)
Armour
 a - a +1 robe (worn)
 j - a +0 pair of gloves (worn)
Wands
 i - a wand of paralysis (12/24)
Scrolls
 f - 2 scrolls of identify
 l - 2 scrolls of magic mapping {unknown}
 p - a scroll of remove curse {unknown}
Potions
 e - 2 potions of curing
 g - a potion of brilliance {unknown}
 k - a potion of berserk rage
 n - a potion of invisibility {unknown}
 o - 2 potions of agility {unknown}
 q - a potion of might {unknown}
Books
 b - a book of Necromancy

   Spells                             Type                      Level
   a - Pain                           Necromancy                   1
   b - Animate Skeleton               Necromancy                   1
   c - Vampiric Draining              Necromancy                   3
   d - Regeneration                   Charms/Necromancy            3
   e - Animate Dead                   Necromancy                   4
   f - Control Undead                 Necromancy                   4
Comestibles
 c - 3 bread rations
 d - a royal jelly
 m - a fruit


   Skills:
 - Level 2.4 Dodging
 - Level 2.4 Stealth
 - Level 3.0 Spellcasting
 * Level 8.1 Necromancy


You had 2 spell levels left.
You knew the following spells:

 Your Spells              Type           Power        Failure   Level  Hunger
a - Pain                  Necr           ####         1%          1    None
b - Vampiric Draining     Necr           #####.....   1%          3    ###....
c - Animate Dead          Necr           N/A          4%          4    ####...


Dungeon Overview and Level Annotations

Branches:
Dungeon (4/15)
 Temple: D:4-7

Altars:
Qazlal
Trog


Message History

Aiming: Pain
Press: ? - help, Shift-Dir - straight line, f - ogre
Aim: an ogre, wielding a giant club (chance to defeat MR: 84%)
The ogre barely resists.
Casting: Pain
Confirm with . or Enter, or press ? or * to list all spells.
Aiming: Pain
Press: ? - help, Shift-Dir - straight line, f/p - ogre
Aim: an ogre, wielding a giant club (chance to defeat MR: 84%)
The ogre barely resists.
You see here 2 tomahawks.
The ogre closely misses you.
Casting: Pain
Confirm with . or Enter, or press ? or * to list all spells.
Aiming: Pain
Press: ? - help, Shift-Dir - straight line, f/p - ogre
Aim: an ogre, wielding a giant club (chance to defeat MR: 84%)
The ogre writhes in agony!
The ogre hits you with a giant club!!
Ouch! That really hurt!
You die...

#.##.......# #..
.....).....# #..
####.......# #)#
...........# #.#
####)......# #)#
##[###### #o# # #####)#
#.##.#.#
...##.############o.....#
...........^....@O(....##
##<##..#########.####.##
##.##..# #.# .# .......#
#.# # ....##.# #.#
##..##.# #.# #...... ...
#.###># #.# #.. #.#


You could see an ogre and an orc.

Vanquished Creatures
  A howler monkey (D:4)
  An orc wizard (D:4)
  A worker ant (D:3)
  3 adders
  3 dart slugs
  3 leopard geckos
  7 orcs
  2 ball pythons (D:3)
  7 bats
  2 giant cockroaches
  6 hobgoblins
  7 jackals
  6 frilled lizards
  3 goblins
  4 kobolds
  4 rats (D:2)
60 creatures vanquished.

Vanquished Creatures (collateral kills)
  A bat (D:3)
  A rat (D:3)
2 creatures vanquished.

Grand Total: 62 creatures vanquished

Notes
Turn   | Place    | Note
-------+----------+-------------------------------------------
     0 | D:1      | Ketharn the Deep Elf Necromancer began the quest for the Orb.
     0 | D:1      | Reached XP level 1. HP: 10/10 MP: 6/6
    39 | D:1      | Reached skill level 5 in Necromancy
   444 | D:1      | Reached XP level 2. HP: 7/15 MP: 0/8
  1600 | D:2      | Reached skill level 6 in Necromancy
  1604 | D:2      | Reached XP level 3. HP: 15/19 MP: 6/9
  2121 | D:2      | Learned a level 3 spell: Vampiric Draining
  2812 | D:3      | Reached XP level 4. HP: 18/24 MP: 1/10
  2922 | D:3      | Reached skill level 7 in Necromancy
  3101 | D:3      | Learned a level 4 spell: Animate Dead
  3428 | D:3      | Found a stormy altar of Qazlal.
  3914 | D:3      | Found a bloodstained altar of Trog.
  4160 | D:4      | Reached XP level 5. HP: 9/28 MP: 1/11
  4395 | D:4      | Reached skill level 8 in Necromancy
  4412 | D:4      | Noticed an ogre
  4426 | D:4      | Mangled by an ogre

Skill      XL: |  1  2  3  4  5 |
---------------+----------------+-----
Necromancy     | 5 6 7 8 |  8.1
Dodging        | |  2.4
Stealth        | |  2.4
Spellcasting   | |  3.0

Action                   |  1- 3 |  4- 6 || total
-------------------------+-------+-------++-------
Melee: Whip              |     4 |     2 ||     6
 Cast: Pain              |    61 |    43 ||   104
       Vampiric Draining |     4 |     5 ||     9
       Animate Dead      |       |     7 ||     7
  Use: Scroll            |     5 |       ||     5
       Potion            |     1 |       ||     1
  Eat: Chunk             |     2 |       ||     2
       Meat ration       |     1 |     1 ||     2
       Bread ration      |     1 |       ||     1
Armor: Robe              |     3 |     9 ||    12
Dodge: Dodged            |    16 |    20 ||    36
